PAAA
FLORIDA MEN @ SANTA BARBARA GOLDEN CRANES
08/03/2034
 
TOP OF THE 1ST
Florida Men batting - Pitching for Santa Barbara Golden Cranes : RHP António Marés
Pitching: RHP António Marés
Batting: SHB Henrique de Senna Fernandes 0-0: Ball
1-0: Foul Ball, location: 2F
1-1: Foul Ball, location: 2F
1-2: SINGLE (Line Drive, 4M)
Batting: RHB Henry Lambright 0-0: Called Strike
0-1: Ball
1-1: Foul Ball, location: 2F
1-2: Ball
2-2: Ball
3-2: Grounds into double play, 6-4-3 (Groundball, 6)
Batting: RHB Dave Norton 0-0: Called Strike
0-1: Ball
1-1: Ground out 5-3 (Groundball, 56)
Top of the 1st over - 0 runs, 1 hit, 0 errors, 0 left on base; Florida 0 - Santa Barbara 0
BOTTOM OF THE 1ST
Santa Barbara Golden Cranes batting - Pitching for Florida Men : RHP Pedro Herrera
Pitching: RHP Pedro Herrera
Batting: RHB Hank Scorpio 0-0: Swinging Strike
0-1: Called Strike
0-2: Foul Ball, location: 2F
0-2: Ball
1-2: Ball
2-2: Foul Ball, location: 2F
2-2: Ball
3-2: Ground out 5-3 (Groundball, 56)
Batting: LHB Jin-song Seah 0-0: SINGLE (Groundball, 34S) (infield hit)
Batting: RHB Arsenio Laurel 0-0: Called Strike
Jin-song Seah steals 2nd base
0-1: Ball
1-1: Fly out, F7 (Flyball, 7)
Batting: LHB Xu Cheng 0-0: Ball
1-0: Ball
2-0: Called Strike
2-1: SINGLE (Groundball, 4S) (infield hit)
Jin-song Seah to third
Batting: LHB Su-wu Xiao 0-0: Ball
1-0: Called Strike
1-1: Ball
2-1: Foul Ball, location: 2F
2-2: SINGLE (Groundball, 4MD)
Jin-song Seah scores
Xu Cheng to second
Runner from 2nd tries for 3rd, SAFE, throw made to third
Batting: RHB Ed St. James 0-0: Ball
1-0: Fly out, F7 (Line Drive, 7)
Bottom of the 1st over - 1 run, 3 hits, 0 errors, 2 left on base; Florida 0 - Santa Barbara 1
TOP OF THE 2ND
Florida Men batting - Pitching for Santa Barbara Golden Cranes : RHP António Marés
Batting: LHB Iemitsu Hatsutori 0-0: Called Strike
0-1: Swinging Strike
0-2: Ball
1-2: Ground out U3 (Groundball, 34S)
Batting: RHB Bob Phillips 0-0: Ball
1-0: Called Strike
1-1: Foul Ball, location: 2F
1-2: Foul Ball, location: 2F
1-2: Ground out 6-3 (Groundball, 6MS)
Batting: RHB José Córdova 0-0: Called Strike
0-1: Ground out 5-3 (Groundball, 56)
Top of the 2nd over - 0 runs, 0 hits, 0 errors, 0 left on base; Florida 0 - Santa Barbara 1
BOTTOM OF THE 2ND
Santa Barbara Golden Cranes batting - Pitching for Florida Men : RHP Pedro Herrera
Batting: RHB James Pike 0-0: Ball
1-0: Ground out 5-3 (Groundball, 56)
Batting: RHB Gerardo Vázquez 0-0: Called Strike
0-1: Ball
1-1: Ball
2-1: Fly out, F8 (Flyball, 78D)
Batting: RHB Logan Manning 0-0: Ball
1-0: Called Strike
1-1: Swinging Strike
1-2: Strikes out looking
Bottom of the 2nd over - 0 runs, 0 hits, 0 errors, 0 left on base; Florida 0 - Santa Barbara 1
TOP OF THE 3RD
Florida Men batting - Pitching for Santa Barbara Golden Cranes : RHP António Marés
Batting: SHB Spencer Landes 0-0: Called Strike
0-1: Foul Ball, location: 2F
0-2: Ball
1-2: Ball
2-2: Foul Ball, location: 2F
2-2: Ball
3-2: Foul Ball, location: 2F
3-2: Ground out U3 (Groundball, 3)
Batting: LHB Alfred Miles 0-0: Ball
1-0: Fly out, F4 (Popup, 34S)
Batting: LHB Bastyão Lizardo 0-0: Called Strike
0-1: Ground out 4-3 (Groundball, 4)
Top of the 3rd over - 0 runs, 0 hits, 0 errors, 0 left on base; Florida 0 - Santa Barbara 1
BOTTOM OF THE 3RD
Santa Barbara Golden Cranes batting - Pitching for Florida Men : RHP Pedro Herrera
Batting: RHB Hank Scorpio 0-0: Ball
1-0: Ball
2-0: Ball
3-0: Called Strike
3-1: Ground out U3 (Groundball, 3)
Batting: LHB Jin-song Seah 0-0: Ball
1-0: Ball
2-0: Swinging Strike
2-1: Foul Ball, location: 2F
2-2: Ground out 6-3 (Groundball, 6)
Batting: RHB Arsenio Laurel 0-0: Ground out U3 (Groundball, 34)
Bottom of the 3rd over - 0 runs, 0 hits, 0 errors, 0 left on base; Florida 0 - Santa Barbara 1
TOP OF THE 4TH
Florida Men batting - Pitching for Santa Barbara Golden Cranes : RHP António Marés
Batting: SHB Henrique de Senna Fernandes 0-0: Ball
1-0: Called Strike
1-1: Foul Ball, location: 2F
1-2: Strikes out looking
Batting: RHB Henry Lambright 0-0: Ball
1-0: Called Strike
1-1: Ball
2-1: Ball
3-1: Foul Ball, location: 2F
3-2: Fly out, F3 (Popup, 3SF)
Batting: RHB Dave Norton 0-0: Swinging Strike
0-1: Fly out, F8 (Flyball, 8LXD)
Top of the 4th over - 0 runs, 0 hits, 0 errors, 0 left on base; Florida 0 - Santa Barbara 1
BOTTOM OF THE 4TH
Santa Barbara Golden Cranes batting - Pitching for Florida Men : RHP Pedro Herrera
Batting: LHB Xu Cheng 0-0: Swinging Strike
0-1: DOUBLE (Flyball, 89D)
Batting: LHB Su-wu Xiao 0-0: SINGLE (Line Drive, 4D)
Xu Cheng to third
Batting: RHB Ed St. James 0-0: Grounds into double play, 6-4-3 (Groundball, 6)
Xu Cheng scores
Batting: RHB James Pike 0-0: Fly out, F8 (Flyball, 8RD)
Bottom of the 4th over - 1 run, 2 hits, 0 errors, 0 left on base; Florida 0 - Santa Barbara 2
TOP OF THE 5TH
Florida Men batting - Pitching for Santa Barbara Golden Cranes : RHP António Marés
Batting: LHB Iemitsu Hatsutori 0-0: Ball
1-0: Called Strike
1-1: SINGLE (Groundball, 34D)
Batting: RHB Bob Phillips 0-0: SINGLE (Line Drive, 7LS)
Iemitsu Hatsutori to second
Batting: RHB José Córdova 0-0: Ball
1-0: Ball
2-0: Bunted foul
2-1: Ball
3-1: Sac Bunt - play at first, batter OUT! 3-4
Iemitsu Hatsutori to third
Bob Phillips to second
Batting: SHB Spencer Landes 0-0: Ball
1-0: Ball
2-0: Ball
3-0: Base on Balls
Batting: LHB Alfred Miles 0-0: Called Strike
0-1: Foul Ball, location: 2F
0-2: Ball
Wild Pitch!
Iemitsu Hatsutori scores
Bob Phillips to third
Spencer Landes to second
1-2: Foul Ball, location: 2F
1-2: Ball
2-2: Strikes out swinging
Batting: LHB Bastyão Lizardo 0-0: Fly out, F8 (Flyball, 8RM)
Top of the 5th over - 1 run, 2 hits, 0 errors, 2 left on base; Florida 1 - Santa Barbara 2
BOTTOM OF THE 5TH
Santa Barbara Golden Cranes batting - Pitching for Florida Men : RHP Pedro Herrera
Batting: RHB Gerardo Vázquez 0-0: Ball
1-0: Foul Ball, location: 2F
1-1: Ball
2-1: Called Strike
2-2: Ground out 5-3 (Groundball, 5)
Batting: RHB Logan Manning 0-0: Ball
1-0: Swinging Strike
1-1: Ground out 4-3 (Groundball, 4)
Batting: RHB Hank Scorpio 0-0: Ball
1-0: Called Strike
1-1: Ground out 6-3 (Groundball, 6)
Bottom of the 5th over - 0 runs, 0 hits, 0 errors, 0 left on base; Florida 1 - Santa Barbara 2
TOP OF THE 6TH
Florida Men batting - Pitching for Santa Barbara Golden Cranes : RHP António Marés
Batting: SHB Henrique de Senna Fernandes 0-0: Ball
1-0: Ball
2-0: Ball
3-0: Called Strike
3-1: Foul Ball, location: 2F
3-2: Foul Ball, location: 2F
3-2: Fly out, F7 (Flyball, 7LSF)
Batting: RHB Henry Lambright 0-0: SINGLE (Flyball, 7S)
Batting: RHB Dave Norton 0-0: Foul Ball, location: 2F
0-1: Ball
1-1: Swinging Strike
1-2: Strikes out swinging
Batting: LHB Iemitsu Hatsutori 0-0: Ball
1-0: Called Strike
1-1: Ball
2-1: Called Strike
2-2: Foul Ball, location: 2F
2-2: Strikes out looking
Top of the 6th over - 0 runs, 1 hit, 0 errors, 1 left on base; Florida 1 - Santa Barbara 2
BOTTOM OF THE 6TH
Santa Barbara Golden Cranes batting - Pitching for Florida Men : RHP Pedro Herrera
Batting: LHB Jin-song Seah 0-0: Fly out, F9 (Line Drive, 9)
Batting: RHB Arsenio Laurel 0-0: Called Strike
0-1: DOUBLE (Line Drive, 78D)
Batting: LHB Xu Cheng 0-0: Ball
1-0: Ball
2-0: Foul Ball, location: 2F
2-1: Ground out 6-3 (Groundball, 6)
Batting: LHB Su-wu Xiao 0-0: Called Strike
0-1: Swinging Strike
0-2: Ball
1-2: Ball
2-2: Foul Ball, location: 2F
2-2: Foul Ball, location: 2F
2-2: Strikes out swinging
Bottom of the 6th over - 0 runs, 1 hit, 0 errors, 1 left on base; Florida 1 - Santa Barbara 2
TOP OF THE 7TH
Florida Men batting - Pitching for Santa Barbara Golden Cranes : RHP António Marés
Batting: RHB Bob Phillips 0-0: Ball
1-0: Called Strike
1-1: Ball
2-1: Foul Ball, location: 2F
2-2: Strikes out swinging
Batting: RHB José Córdova 0-0: Called Strike
0-1: Foul Ball, location: 2F
0-2: SINGLE (Groundball, 6D)
Batting: SHB Spencer Landes 0-0: Called Strike
0-1: Ball
1-1: Swinging Strike
1-2: Ball
2-2: Strikes out swinging
Batting: LHB Alfred Miles 0-0: Foul Ball, location: 2F
0-1: Ball
1-1: Foul Ball, location: 2F
1-2: Strikes out swinging
Top of the 7th over - 0 runs, 1 hit, 0 errors, 1 left on base; Florida 1 - Santa Barbara 2
BOTTOM OF THE 7TH
Santa Barbara Golden Cranes batting - Pitching for Florida Men : RHP Pedro Herrera
Batting: RHB Ed St. James 0-0: Ball
1-0: Ball
2-0: Called Strike
2-1: Swinging Strike
2-2: Reached on error, E5 (Groundball, 56)
Batting: RHB James Pike 0-0: Bunted foul
0-1: Bunted foul
0-2: Foul Ball, location: 2F
0-2: Ball
1-2: Foul Ball, location: 2F
1-2: Ball
2-2: Ball
3-2: Grounds into double play, 6-4-3 (Groundball, 6D)
Batting: RHB Gerardo Vázquez 0-0: Called Strike
0-1: Ground out 6-3 (Groundball, 6)
Bottom of the 7th over - 0 runs, 0 hits, 1 error, 0 left on base; Florida 1 - Santa Barbara 2
TOP OF THE 8TH
Florida Men batting - Pitching for Santa Barbara Golden Cranes : RHP António Marés
Batting: LHB Bastyão Lizardo 0-0: Ball
1-0: Ball
2-0: Foul Ball, location: 2F
2-1: Foul Ball, location: 2F
2-2: Fly out, F9 (Flyball, 89M)
Batting: SHB Henrique de Senna Fernandes 0-0: Ground out 4-3 (Groundball, 34S)
Batting: RHB Henry Lambright 0-0: Foul Ball, location: 2F
0-1: Ball
1-1: Ball
2-1: Swinging Strike
2-2: Strikes out looking
Top of the 8th over - 0 runs, 0 hits, 0 errors, 0 left on base; Florida 1 - Santa Barbara 2
BOTTOM OF THE 8TH
Santa Barbara Golden Cranes batting - Pitching for Florida Men : RHP Pedro Herrera
Batting: RHB Logan Manning 0-0: Hit by Pitch
Batting: RHB Hank Scorpio 0-0: Called Strike
0-1: Ball
1-1: Bunted foul
1-2: Ground out 5-3 (Groundball, 56S)
Logan Manning to second
Batting: LHB Jin-song Seah 0-0: SINGLE (Groundball, 6) (infield hit)
Logan Manning to third
Batting: RHB Arsenio Laurel 0-0: Ball
1-0: Ball
2-0: Foul Ball, location: 2F
2-1: SINGLE (Line Drive, 8LS)
Logan Manning scores
Jin-song Seah to second
Runner from 2nd tries for 3rd, SAFE, no throw
Pitching: LHP Tyler Lund
Pinch Hitting: RHB Adrian Rodgers 0-0: Ball
1-0: Foul Ball, location: 2F
1-1: Ball
2-1: Called Strike
2-2: Ball
3-2: Foul Ball, location: 2F
3-2: SINGLE (Line Drive, 6MD)
Jin-song Seah scores
Arsenio Laurel to second
Runner from 2nd tries for 3rd, SAFE, no throw
Batting: LHB Su-wu Xiao 0-0: Foul Ball, location: 2F
0-1: Fly out, F8 (Line Drive, 8RM)
Runner from 3rd tags up, SCORES, throw made
Batting: RHB Ed St. James 0-0: Foul Ball, location: 2F
0-1: Ball
1-1: Ball
2-1: TRIPLE (Flyball, 7D)
Adrian Rodgers scores
Batting: RHB James Pike 0-0: Called Strike
0-1: Called Strike
0-2: Ball
1-2: Strikes out swinging
Bottom of the 8th over - 4 runs, 4 hits, 0 errors, 1 left on base; Florida 1 - Santa Barbara 6
TOP OF THE 9TH
Florida Men batting - Pitching for Santa Barbara Golden Cranes : RHP António Marés
Now at 1B: Jorge López
Now in RF: Christian Turner
Batting: RHB Dave Norton 0-0: Foul Ball, location: 2F
0-1: Ball
1-1: Foul Ball, location: 2F
1-2: Strikes out swinging
Batting: LHB Iemitsu Hatsutori 0-0: Ball
1-0: SINGLE (Groundball, 34D)
Pitching: LHP Luis Torres
Batting: RHB Bob Phillips 0-0: Ball
1-0: Foul Ball, location: 2F
1-1: Called Strike
1-2: Ball
2-2: Ball
3-2: Foul Ball, location: 2F
3-2: SINGLE (Line Drive, 8RM)
Iemitsu Hatsutori to second
Batting: RHB José Córdova 0-0: Ball
1-0: Ball
2-0: Ball
3-0: Called Strike
3-1: Fly out, F8 (Line Drive, 78XD)
Runner from 2nd tags up, SAFE at 3rd, no throw
Batting: SHB Spencer Landes 0-0: Ball
1-0: Called Strike
1-1: Called Strike
1-2: Strikes out swinging
Top of the 9th over - 0 runs, 2 hits, 0 errors, 2 left on base; Florida 1 - Santa Barbara 6
Friday, March 29th, 2019 - OOTP Baseball 18.8 Build 76